 Dungeon Crawl Stone Soup version 0.16-b1 (console) character file.

29 mauris the Stinger (level 3, -1/18 HPs)
             Began as a Vine Stalker Venom Mage on Mar 13, 2015.
             Slain by an adder (3 damage)
             ... on level 2 of the Dungeon.
             The game lasted 00:01:38 (920 turns).

mauris the Stinger (Vine Stalker Venom Mage)         Turns: 920, Time: 00:01:38

Health: -1/18      AC:  2    Str: 11    XL:     3   Next: 16%
Magic:  0/7        EV: 12    Int: 20    God:
Gold:   76         SH:  0    Dex: 14    Spells: 1 memorised, 5 levels left

rFire  . . .     SeeInvis .     e - +0 dagger
rCold  . . .     Clarity  .     a - +0 robe {2}
rNeg   . . .     SustAb   .     (no shield)
rPois  .         Gourm    .     (no helmet)
rElec  .         Spirit   +     (no cloak)
rCorr  .         Warding  .     (no gloves)
rMut   .         Stasis   .     (no boots)
MR     .....                    (no amulet)
Stlth  ++........               (no ring)
                                (no ring)

@: brilliant, lethally poisoned (-1 -> -2), very slightly contaminated, not
resistant to hostile enchantments, unstealthy
A: fangs 2, regeneration 1, magic shield, antimagic bite, no device heal 3, rot
immunity
a: no special abilities


You were on level 2 of the Dungeon.
You were not hungry.

You visited 1 branch of the dungeon, and saw 2 of its levels.

You collected 76 gold pieces.

Inventory:

Hand weapons
 e - a +0 dagger (weapon)
Armour
 a - a +0 robe (worn) {2}
Scrolls
 d - a scroll of magic mapping {unknown}
 f - a scroll of teleportation {unknown}
 g - a scroll of enchant armour {unknown}
 h - a scroll of identify {unknown}
 i - a scroll of remove curse {unknown}
 k - a scroll of enchant weapon {unknown}
 l - 2 scrolls of amnesia {unknown}
 o - a scroll of recharging {unknown}
Potions
 m - a potion of curing {unknown}
 q - a potion of might {unknown}
Books
 b - a Young Poisoner's Handbook

   Spells                             Type                      Level
   a - Sting                          Conjuration/Poison           1
   b - Cure Poison                    Poison                       2
   c - Mephitic Cloud                 Conjuration/Poison/Air       3
   d - Olgreb's Toxic Radiance        Poison                       4
   e - Venom Bolt                     Conjuration/Poison           5
Comestibles
 c - a bread ration
 n - a slice of pizza
 p - a beef jerky


   Skills:
 + Level 1.4 Fighting
 + Level 0.8 Armour
 + Level 2.0 Dodging
 - Level 2.4 Stealth
 - Level 2.1 Spellcasting
 - Level 4.0 Poison Magic


You had 5 spell levels left.
You knew the following spells:

 Your Spells              Type           Power        Failure   Level  Hunger
a - Sting                 Conj/Pois      ###.         1%          1    #......


Dungeon Overview and Level Annotations

Branches:
Dungeon (2/15)

Altars:


Innate Abilities, Weirdness & Mutations

You have extremely sharp teeth.
Your natural rate of healing is unusually fast.
When hurt, damage is shared between your health and your magic reserves.
Your bite disrupts and absorbs the magic of your enemies.
Potions and wands cannot restore your health.
You are immune to rotting.


Message History

Casting: Sting
Confirm with . or Enter, or press ? or * to list all spells.
Aiming: Sting
Press: ? - help, Shift-Dir - straight line, f/p - adder
Aim: an adder (heavily wounded, poisoned)
The sting hits the adder.
The adder is heavily wounded.
The adder bites you.
* * * LOW HITPOINT WARNING * * *
Huge Dmg: -11%(-2hp) hp: 12%(2hp)
* * * LOW HITPOINT WARNING * * *
You feel sick.
The adder looks more healthy.
The adder barely misses you.
Huge Dmg: -6%(-1hp) hp: 6%(1hp)
You miss the adder.
The adder is severely wounded.
The adder misses you.
Drink which item? (? for menu, Esc to quit)
Okay, then.
The adder bites you.
You die...

####### #.....#
#########.###.#
#...........#.#
#.#######)#.#.#
#.# ....#.#.#.#
#.# #.#.#.#...#
#@#
#.#.#.#####.#
#S#
#<............
#l#
###########.#
#'#
#............#
#....)....>..+
#...........(#
..............#
#%...........


You could see an adder and a giant newt.

Vanquished Creatures
  A worm (D:1)
  2 giant geckos
  An ooze (D:1)
  2 bats (D:1)
  2 goblins (D:1)
  A hobgoblin (D:1)
  5 kobolds
  A giant cockroach (D:1)
  6 rats (D:1)
21 creatures vanquished.

Notes
Turn   | Place    | Note
--------------------------------------------------------------
     0 | D:1      | mauris, the Vine Stalker Venom Mage, began the quest for the Orb.
     0 | D:1      | Reached XP level 1. HP: 9/9 MP: 3/3
    31 | D:1      | Huge Dmg: 2 dmg
   192 | D:1      | Reached skill level 1 in Fighting
   270 | D:1      | Reached XP level 2. HP: 14/14 MP: 3/5
   365 | D:1      | Huge Dmg: 4 dmg
   366 | D:1      | Huge Dmg: 3 dmg
   603 | D:1      | Huge Dmg: 3 dmg
   738 | D:2      | Huge Dmg: 3 dmg
   740 | D:1      | Huge Dmg: 10 dmg
   821 | D:1      | Reached XP level 3. HP: 18/18 MP: 2/7
   913 | D:2      | Huge Dmg: 4 dmg
   914 | D:2      | Huge Dmg: 5 dmg
   915 | D:2      | Huge Dmg: 5 dmg
   917 | D:2      | Huge Dmg: 2 dmg
   918 | D:2      | Huge Dmg: 1 dmg
   920 | D:2      | Slain by an adder

Action                   || total
-------------------------++-------
Melee: Dagger            ||    48
       Unarmed           ||     4
 Cast: Sting             ||    35
  Use: Potion            ||     1
  Eat: Chunk             ||     1

Vault maps used:
D:1:      lightli_arrival_windingriver, corexii_item_surrounded_by_moat,
          hangedman_abyss_or_decor_stabs
D:2:      first_bread, minmay_misc_feat_doors
